 Dungeon Crawl Stone Soup version 0.15.0-14-g6bbbb5c (webtiles) character file.

11388 Kashira the Jinx (level 11, -1/96 HPs)
             Began as a Naga Enchanter on Sept 3, 2014.
             Was a High Priest of Qazlal.
             Slain by a jumping spider (2 damage)
             ... summoned by a deep elf summoner
             ... on Level 4 of the Orcish Mines.
             The game lasted 01:34:32 (10965 turns).

Kashira the Jinx (Naga Enchanter)                  Turns: 10965, Time: 01:34:32

HP  -1/96        AC 24     Str 11      XL: 11   Next: 77%
MP   3/27        EV 23     Int 16      God: Qazlal [*****.]
Gold 1343        SH  7     Dex 19      Spells:  4 memorised, 12 levels left

rFire  . . .     SeeInvis +     z - +5 scythe (protect)
rCold  + . .     Clarity  .     K - +0 troll leather armour {Purgy}
rNeg   . . .     rCorr    .     (no shield)
rPois  +         rRot     .     q - +0 helmet
rElec  .         Spirit   .     o - +2 cloak {+Inv}
SustAb .         Warding  .     T - +2 pair of gloves
rMut   .         Stasis   .     (no barding)
Gourm  .                        (no amulet)
MR     +....                    f - +4 ring of evasion
                                p - +3 ring of protection

@: agile, protected from physical damage, repel missiles, very slow, somewhat
resistant to hostile enchantments, unstealthy
A: spit poison, see invisible, cold resistance 1, deformed body, poison
resistance, slowness 2, AC +3
a: Spit Poison, Upheaval, Elemental Force, Disaster Area, Renounce Religion,
Evoke Invisibility


You were on level 4 of the Orcish Mines.
You worshipped Qazlal.
Qazlal was extremely pleased with you.
You were very hungry.

You visited 3 branches of the dungeon, and saw 17 of its levels.
You also visited: Sewer.

You collected 1343 gold pieces.

Inventory:

Hand weapons
 a - a +4 flail
 n - a +4 trident of piercing
 z - a +5 scythe of protection (weapon)
 J - a +2 mace
Missiles
 u - 6 javelins (quivered)
Armour
 o - a +2 cloak of darkness (worn)
 q - a +0 helmet (worn)
 K - a +0 troll leather armour (worn) {Purgy}
 T - a +2 pair of gloves (worn)
Magical devices
 r - a wand of confusion (0) {unknown}
 D - a wand of heal wounds (5)
 E - a wand of cold (14)
Comestibles
 d - 6 bread rations
Scrolls
 b - 2 scrolls of fear
 h - a scroll of enchant weapon
 k - 3 scrolls of identify
 w - 5 scrolls of remove curse
 H - a scroll of vulnerability {unknown}
 M - a scroll of teleportation {unknown}
Jewellery
 f - a +4 ring of evasion (right hand)
 g - an uncursed ring of protection from fire
 p - a +3 ring of protection (left hand)
 C - an uncursed ring of protection from cold
Potions
 e - a potion of invisibility
 s - 3 potions of berserk rage
 v - a potion of cure mutation
 B - 2 potions of agility
 G - 2 potions of curing
 I - a potion of heal wounds
 O - a potion of beneficial mutation
Books
 c - a book of Maledictions

   Spells                             Type                      Level
   Corona                             Hexes                        1
   Sure Blade                         Hexes/Charms                 2
   Ensorcelled Hibernation            Hexes/Ice                    2
   *Confuse                           Hexes                        3
   *Dazzling Spray                    Conjuration/Hexes            3
   *Enslavement                       Hexes                        4
 i - a book of the Dragon

   Spells                             Type                      Level
   Flight                             Charms/Air                   3
   *Cause Fear                        Hexes                        4
   Bolt of Fire                       Conjuration/Fire             6
   Dragon Form                        Transmutation                7
   Dragon's Call                      Summoning                    9
 l - a book of Fire

   Spells                             Type                      Level
   Ignite Poison                      Fire/Transmutation           5
   Fireball                           Conjuration/Fire             5
   Bolt of Fire                       Conjuration/Fire             6
   Delayed Fireball                   Conjuration/Fire             7
   Ring of Flames                     Charms/Fire                  7
Miscellaneous
 t - a crystal ball of energy


   Skills:
 + Level 5.5 Fighting
   Level 1.0 Short Blades
 + Level 1.1 Maces & Flails
 + Level 7.3 Polearms
 + Level 4.1 Armour
 + Level 6.0 Dodging
 - Level 4.9 Stealth
 + Level 8.3 Spellcasting
 + Level 3.8 Conjurations
 + Level 9.4 Hexes
 + Level 0.2 Evocations


You had 12 spell levels left.
You knew the following spells:

 Your Spells              Type           Power        Failure   Level  Hunger
a - Enslavement           Hex            #####...     1%          4    ###....
b - Dazzling Spray        Conj/Hex       ####....     1%          3    ##.....
c - Confuse               Hex            #####...     1%          3    ##.....
d - Cause Fear            Hex            #####.....   1%          4    ###....


Dungeon Overview and Level Annotations

Branches:
Dungeon (11/15)            Temple (0/1) D:5             Orc (4/4) D:9
    Elf (0/3) Orc:4          Lair (2/8) D:8

Altars:
Dithmenos
Fedhas
Qazlal
Vehumet
The Shining One

Shops:
D:5 [

Annotations:
Lair:2 Gastronok


Innate Abilities, Weirdness & Mutations

You cannot wear boots.
You can spit poison.
Your serpentine skin is tough (AC +3).
You have supernaturally acute eyesight.
Armour fits poorly on your strangely shaped body.
Your system is resistant to poisons.
You cover ground very slowly.
Your flesh is cold resistant.


Message History

A deep elf fighter comes into view. It is wielding a short sword.
Drink which item? (? for menu, Esc to quit)
Okay, then.
You block the jumping spider's attack. The jumping spider closely misses you.
The demonic crawler barely misses you. x2
The demonic crawler completely misses you.
The jumping spider pounces on you but does no damage.
The jumping spider barely misses you.
The deep elf fighter is engulfed in roaring flames.
The deep elf fighter points at you and mumbles some strange words.
The magic dart hits you!
The orc wizard hits you but does no damage.
The demonic crawler completely misses you.
You block the demonic crawler's attack. The demonic crawler barely misses you.
The jumping spider pounces on you!
* * * LOW HITPOINT WARNING * * *
The jumping spider barely misses you.
The orange rat is engulfed in freezing vapours.
You block the jumping spider's attack. The jumping spider bites you.
You die...

. . #<.. ....
..... .....
...... ......
....... ..... .
....... .......
......e e.#....
#....§s#§.......
#.e..es@o.......
.e.>..§rss......#
.e.....§##.....
..#....## .... .
##.## ... .. . ..
.


You could see 2 demonic crawlers, a deep elf summoner (confused), 2 jumping
spiders, 5 deep elf fighters, an orange rat and an orc wizard.

Vanquished Creatures
  Nessos (Orc:3)
  Urug (Orc:3)
  An ugly thing (D:9)
  A komodo dragon (Lair:1)
  Grinder (D:6)
  A troll (Orc:4)
  A blink frog (Lair:1)
  A tarantella (Orc:4)
  2 hill giant zombies
  A deep elf mage (Orc:4)
  6 hippogriffs
  Eustachio (D:8)
  6 yaks (D:9)
  2 hungry ghosts
  4 deep elf fighters (Orc:4)
  A water moccasin (Lair:1)
  8 orc warriors
  2 black bears
  2 phantoms
  Purgy (Sewer)
  4 sky beasts
  A necrophage (D:5)
  A porcupine (Lair:1)
  A crocodile (Lair:1)
  2 ogres
  2 centaurs
  3 ice beasts
  2 yellow wasps
  Sigmund (D:3)
  A big kobold (D:8)
  Blork the orc (D:5)
  4 giant frogs
  3 wights (D:7)
  7 killer bees
  A scorpion (D:6)
  4 crimson imps
  11 orc priests
  A giant frog skeleton (D:9)
  A goliath beetle (D:6)
  6 iguanas
  7 hounds
  6 jellies
  A centaur skeleton (D:9)
  17 orc wizards
  8 worker ants
  2 ogre skeletons
  A hound zombie (D:9)
  A green rat (D:5)
  An orc zombie (D:10)
  3 gnolls (D:3)
  13 adders
  A shadow imp (D:6)
  A giant mite (D:7)
  A goliath beetle zombie (D:5)
  3 worms
  An adder skeleton (D:9)
  3 orc skeletons
  2 chimeras (D:9)
  9 giant geckos
  101 orcs
  13 goblins
  12 hobgoblins
  10 jackals
  21 kobolds
  6 quokkas
  10 bats
  6 giant cockroaches
  A giant gecko zombie (D:6)
  5 giant newts
  A hobgoblin skeleton (D:4)
  A kobold zombie (D:5)
  A quokka skeleton (D:7)
  12 rats
  A rat zombie (D:5)
  A plant (Lair:1)
384 creatures vanquished.

Vanquished Creatures (collateral kills)
  A hungry ghost (D:9)
1 creature vanquished.

Vanquished Creatures (others)
  An orc wizard (Orc:4)
  An orc (Orc:4)
2 creatures vanquished.

Grand Total: 387 creatures vanquished

Notes
Turn   | Place    | Note
--------------------------------------------------------------
     0 | D:1      | Kashira, the Naga Enchanter, began the quest for the Orb.
     0 | D:1      | Reached XP level 1. HP: 15/15 MP: 3/3
   117 | D:1      | Reached XP level 2. HP: 22/22 MP: 4/4
   536 | D:1      | Reached XP level 3. HP: 3/28 MP: 2/6
   541 | D:1      | Learned a level 3 spell: Dazzling Spray
   940 | D:2      | Found a glowing golden altar of the Shining One.
  1232 | D:2      | Reached XP level 4. HP: 28/37 MP: 0/8
  1690 | D:3      | Reached skill level 1 in Fighting
  2084 | D:3      | Reached XP level 5. HP: 35/44 MP: 10/10
  2269 | D:3      | Reached skill level 1 in Conjurations
  2425 | D:3      | Noticed Sigmund
  2431 | D:3      | Learned a level 3 spell: Confuse
  2441 | D:3      | Killed Sigmund
  2441 | D:3      | Reached skill level 1 in Maces & Flails
  2441 | D:3      | Reached skill level 1 in Armour
  2486 | D:3      | Reached XP level 6. HP: 48/51 MP: 13/13
  2504 | D:3      | Found a blossoming altar of Fedhas.
  2741 | D:4      | Reached skill level 1 in Polearms
  2846 | D:4      | Noticed Grinder
  3075 | D:4      | Found a shadowy altar of Dithmenos.
  3118 | D:4      | Reached XP level 7. HP: 57/57 MP: 7/15
  3399 | D:4      | Found a stormy altar of Qazlal.
  3407 | D:4      | Became a worshipper of Qazlal Stormbringer
  3486 | D:5      | Entered Level 5 of the Dungeon
  3563 | D:5      | Found Tuadoim's Antique Armour Shop.
  3618 | D:5      | Found a glowing drain.
  3635 | Sewer    | Entered a sewer
  3692 | Sewer    | Noticed Purgy
  3711 | Sewer    | Killed Purgy
  3730 | Sewer    | Learned a level 4 spell: Enslavement
  3879 | D:5      | Noticed Blork the orc
  3882 | D:5      | Killed Blork the orc
  4018 | D:5      | Acquired Qazlal's first power
  4018 | D:5      | Reached XP level 8. HP: 67/67 MP: 17/17
  4208 | D:5      | Reached skill level 5 in Hexes
  4215 | D:5      | Found a staircase to the Ecumenical Temple.
  4513 | D:6      | Killed Grinder
  4578 | D:6      | Reached XP level 9. HP: 72/74 MP: 10/20
  4629 | D:6      | Reached skill level 6 in Hexes
  4661 | D:6      | Learned a level 4 spell: Cause Fear
  4968 | D:6      | Acquired Qazlal's second power
  5249 | D:7      | Reached skill level 5 in Spellcasting
  5409 | D:7      | Reached skill level 5 in Polearms
  5588 | D:8      | Noticed Eustachio
  5625 | D:8      | Found a stormy altar of Qazlal.
  5661 | D:8      | Found a staircase to the Lair.
  5778 | D:8      | Reached skill level 7 in Hexes
  5828 | D:8      | Acquired Qazlal's third power
  5996 | D:8      | Reached XP level 10. HP: 71/85 MP: 17/24
  6043 | D:8      | Killed Eustachio
  6538 | D:9      | Found a staircase to the Orcish Mines.
  6868 | D:9      | Noticed a purple ugly thing
  6889 | D:9      | Killed a purple ugly thing
  6947 | D:9      | Found a radiant altar of Vehumet.
  7062 | D:9      | Reached skill level 8 in Hexes
  7669 | D:10     | Entered Level 10 of the Dungeon
  7821 | D:10     | Gained mutation: Your flesh is cold resistant. [mutagenic meat]
  7965 | D:10     | Acquired Qazlal's fourth power
  8315 | D:11     | Noticed a hill giant
  8320 | D:11     | Upgraded the game from 0.15.0-13-gb296d5c to 0.15.0-14-g6bbbb5c
  8330 | D:10     | Reached XP level 11. HP: 87/93 MP: 5/27
  8394 | D:11     | Noticed a red ugly thing
  8482 | Lair:1   | Entered Level 1 of the Lair of Beasts
  8650 | Lair:1   | Reached skill level 5 in Dodging
  9264 | Lair:1   | Reached skill level 5 in Fighting
  9357 | Lair:2   | Noticed Gastronok
  9367 | Lair:1   | Reached skill level 9 in Hexes
  9484 | Orc:1    | Entered Level 1 of the Orcish Mines
 10013 | Orc:2    | Acquired Qazlal's fifth power
 10198 | Orc:3    | Noticed Nessos
 10234 | Orc:3    | Killed Nessos
 10560 | Orc:3    | Noticed Urug
 10575 | Orc:3    | Killed Urug
 10929 | Orc:4    | Entered Level 4 of the Orcish Mines
 10929 | Orc:4    | Found a staircase to the Elven Halls.
 10954 | Orc:4    | Noticed a deep elf summoner
 10965 | Orc:4    | HP: 1/96 [jumping spider[a deep elf summoner] (11)]
 10965 | Orc:4    | Slain by a jumping spider

Action                   |  1- 3 |  4- 6 |  7- 9 | 10-12 || total
-------------------------+-------+-------+-------+-------++-------
Melee: Dagger            |     4 |       |       |       ||     4
       Whip              |    23 |    29 |       |       ||    52
       Club              |     7 |       |       |       ||     7
       Scythe            |       |    52 |   290 |   377 ||   719
       Flail             |       |     2 |       |       ||     2
       Trident           |       |       |       |     3 ||     3
 Cast: Corona            |     3 |       |       |       ||     3
       Dazzling Spray    |     8 |    25 |    53 |    52 ||   138
       Confuse           |       |    12 |    45 |   102 ||   159
       Cause Fear        |       |       |       |     2 ||     2
 Abil: Spit Poison       |    47 |    46 |    51 |    55 ||   199
Evoke: Box of beasts     |       |       |       |     2 ||     2
       Wand              |       |       |       |     3 ||     3
  Use: Scroll            |       |     2 |    13 |     8 ||    23
       Potion            |       |       |       |     2 ||     2
 Stab: Confused          |       |     2 |    11 |    20 ||    33
       Sleeping          |       |     1 |     3 |       ||     4
       Invisible         |       |       |     3 |     8 ||    11
       Distracted        |       |       |       |     1 ||     1
  Eat: Chunk             |     4 |    15 |    22 |    25 ||    66
       Pizza             |       |       |     1 |       ||     1
       Meat ration       |       |       |       |     1 ||     1
